 Dungeon Crawl Stone Soup version 0.20-a0-1114-g33edf32 (webtiles) character file.

3189 kuniqs the Shield-Bearer (level 9, -3/65 HPs)
             Began as a Gnoll Fighter on May 6, 2017.
             Was an Initiate of Hepliaklqana.
             Slain by a gnoll
             ... wielding a +0 spear
              (7 damage)
             ... on level 7 of the Dungeon.
             The game lasted 00:12:54 (8198 turns).

kuniqs the Shield-Bearer (Gnoll Fighter)            Turns: 8198, Time: 00:12:55

Health: -3/65      AC:  6    Str: 24    XL:     9   Next: 96%
Magic:  27/27      EV: 16    Int:  8    God:    Hepliaklqana [......]
Gold:   426        SH: 12    Dex: 19    Spells: 15/19 levels left

rFire    . . .     SeeInvis .   N - +12 whip "Wifaadua" {holy, -Tele rC+ Str+4 Dex+3}
rCold    + . .     Gourm    .   c - +0 shield
rNeg     + . .     Faith    .   u - +1 robe of Attic {*Drain rElec rN+ Slay+3}
rPois    .         Spirit   .   M - +0 helmet
rElec    +         Reflect  .   (no cloak)
rCorr    .         Harm     .   B - +0 pair of gloves
MR       .....     NoTele   +   (no boots)
Stlth    ++++......             (no amulet)
Regen    0.0/turn               i - +4 ring of strength
MPRegen  0.2/turn               o - ring of magical power

@: no status effects
A: short attention span, reduced essence, fangs 1, high mp 1, inhibited
regeneration, no potion heal 1, strong nose
a: Recall Ancestor, Ancestor Identity, Renounce Religion


You were on level 7 of the Dungeon.
You worshipped Hepliaklqana.
Hepliaklqana was noncommittal.
You were not hungry.

You visited 2 branches of the dungeon, and saw 8 of its levels.

You collected 426 gold pieces.

Inventory:

Hand Weapons
 N - the +12 whip "Wifaadua" (weapon) {holy, -Tele rC+ Str+4 Dex+3}
   (You took it off an orc on level 7 of the Dungeon)

   It has been blessed by the Shining One to cause great damage to the undead
   and demons.
   It affects your strength (+4).
   It affects your dexterity (+3).
   It protects you from cold.
   It prevents most forms of teleportation.
Missiles
 b - 5 tomahawks (quivered)
 J - 3 throwing nets
Armour
 c - a +0 shield (worn)
 u - the +1 robe of Attic (worn) {*Drain rElec rN+ Slay+3}
   (You found it on level 4 of the Dungeon)

   It affects your accuracy and damage with ranged weapons and melee attacks
   (+3).
   It insulates you from electricity.
   It protects you from negative energy.
   It causes draining when unequipped.
 B - a +0 pair of gloves (worn)
 M - a +0 helmet (worn)
Jewellery
 i - a +4 ring of strength (left hand)
 o - a ring of magical power (right hand)
 y - an uncursed ring of positive energy
Wands
 A - a wand of polymorph (9/24)
 E - a wand of confusion (28/48)
 K - a wand of digging (3/24)
Scrolls
 g - 6 scrolls of identify {unknown}
 n - 4 scrolls of fog {unknown}
 q - 5 scrolls of teleportation
 s - a scroll of noise {unknown}
 x - 4 scrolls of remove curse {@r2}
 D - 3 scrolls of recharging {unknown}
 F - a scroll of enchant armour {unknown}
 G - a scroll of immolation {unknown}
 I - a scroll of silence {unknown}
 L - a scroll of fear {unknown}
Potions
 j - a potion of heal wounds
 k - a potion of invisibility {unknown}
 l - 2 potions of lignification
 m - 3 potions of ambrosia
 p - a potion of resistance {unknown}
 r - 2 potions of curing {@q1}
 t - 4 potions of might
 v - a potion of brilliance {unknown}
 w - a potion of haste {unknown}
 z - a potion of flight {unknown}
 C - a potion of mutation {unknown}
Comestibles
 d - 4 bread rations
 e - 3 meat rations
 f - 7 fruits
 h - 3 royal jellies


   Skills:
 + Level 7.7 Fighting
   Level 7.3 Short Blades
 + Level 0.0 Maces & Flails
 - Level 6.3 Armour
 + Level 6.9 Dodging
 + Level 7.0 Stealth
 + Level 7.9 Shields
 + Level 5.5 Spellcasting
 + Level 5.4 Summonings
 + Level 5.5 Air Magic
 + Level 3.6 Invocations
 + Level 6.2 Evocations


You had 15 spell levels left.
You knew the following spells:

 Your Spells              Type           Power        Failure   Level  Hunger
f - Summon Lightning Spi  Summ/Air       ##......     54%         4    #####..


Dungeon Overview and Level Annotations

Branches:
Dungeon (7/15)             Temple (1/1) D:6

Altars:
Dithmenos
Elyvilon
Fedhas
Gozag
Hepliaklqana
Kikubaaqudgha
Makhleb
Nemelex Xobeh
Okawaru
Qazlal
Ru
Sif Muna
Trog
Uskayaw
Wu Jian
Xom
Yredelemnul
Zin
The Shining One

Shops:
D:6 :


Innate Abilities, Weirdness & Mutations

You have a short attention span.
You have very sharp teeth.
Your uncanny sense of smell can sniff out nearby items.
Your life essence is reduced. (-10% HP)
You have an increased reservoir of magic. (+10% MP)
You do not regenerate when monsters are visible.
Potions are less effective at restoring your health.


Message History

The gnoll shaman barely misses you.
You hit the gnoll shaman. You bite the gnoll shaman.
The gnoll hits you from afar with a spear!
* * * LOW HITPOINT WARNING * * *
Lucius barely misses the gnoll.
You block the gnoll's attack. The gnoll misses you.
The gnoll shaman hits you but does no damage.
The gnoll hits you from afar with a spear.
* * * LOW HITPOINT WARNING * * *
Lucius hits the gnoll.
You completely miss the gnoll shaman.
The gnoll hits you from afar with a spear.
* * * LOW HITPOINT WARNING * * *
The gnoll shaman completely misses you. You block the gnoll's attack.
Lucius closely misses the gnoll.
The gnoll closely misses Lucius.
The gnoll hits you from afar with a spear.
* * * LOW HITPOINT WARNING * * *
You hit the gnoll shaman. You bite the gnoll shaman.
The gnoll hits you from afar with a spear!
You die...

#o# #o# #g# #######
#o# #.....# #.#
#.....# #§#
###....[####
##'#####.'...g....#
#..o...#.#...g.g#.###
#....Rg'.#...gR@#...#
#......###.####.###)#
∆ #......#
#.####...))########
#......#
#.......#)..).....#
########
#######.#.#<.......
#........#######..
#......#...#
#......#...#∆#
#..[...#...#.#


You could see the friendly Lucius the ancestor, a gnoll shaman and 3 gnolls.

Vanquished Creatures
  The ghost of Protee the Digger, an amateur FoEE (D:3)
  Menkaure (D:4)
  An orc warrior (D:6)
  A sky beast (D:6)
  3 phantoms
  4 ogres
  2 ice beasts
  A gnoll sergeant (D:6)
  A scorpion (D:4)
  5 wights
  2 howler monkeys
  4 crimson imps
  A centaur zombie (D:6)
  2 orc priests (D:6)
  2 hounds
  A jelly (D:7)
  3 orc wizards
  2 gnoll shamans (D:6)
  3 worker ants
  A hound skeleton (D:7)
  28 gnolls
  8 adders
  2 river rats (D:3)
  A shadow imp (D:6)
  2 oozes
  An adder skeleton (D:6)
  An adder zombie (D:6)
  2 worms (D:2)
  2 dart slugs
  6 leopard geckos
  9 orcs
  6 ball pythons
  4 giant cockroaches
  4 goblins
  7 hobgoblins
  22 jackals
  8 kobolds
  7 bats
  5 frilled lizards
  A jackal zombie (D:7)
  8 rats
175 creatures vanquished.

Vanquished Creatures (collateral kills)
  An orc warrior (D:7)
  A sky beast (D:7)
  An ogre (D:6)
  3 wights
  A crimson imp (D:6)
  A hound zombie (D:7)
  8 gnolls (D:6)
  An adder (D:7)
  2 orcs (D:6)
  4 jackals (D:6)
23 creatures vanquished.

Vanquished Creatures (others)
  2 ancestors
2 creatures vanquished.

Grand Total: 200 creatures vanquished

Notes
Turn   | Place    | Note
-------+----------+-------------------------------------------
     0 | D:1      | kuniqs the Gnoll Fighter began the quest for the Orb.
     0 | D:1      | Reached XP level 1. HP: 20/20 MP: 1/1
     7 | D:1      | Noticed a merfolk zombie
    33 | D:1      | Reached skill level 5 in Armour
   177 | D:1      | Reached skill level 1 in Dodging
   177 | D:1      | Reached skill level 5 in Shields
   177 | D:1      | Reached XP level 2. HP: 26/26 MP: 2/2
   183 | D:1      | Reached skill level 1 in Stealth
   552 | D:1      | Reached skill level 5 in Fighting
   577 | D:1      | Reached XP level 3. HP: 33/33 MP: 3/3
   821 | D:2      | Found a sparkling altar of Nemelex Xobeh.
   821 | D:2      | Found a basalt altar of Yredelemnul.
   944 | D:2      | Reached XP level 4. HP: 36/39 MP: 4/4
  1321 | D:3      | Noticed Protee's ghost (amateur FoEE)
  1698 | D:3      | Killed Protee's ghost
  1698 | D:3      | Reached XP level 5. HP: 17/46 MP: 5/5
  2002 | D:3      | Found a glowing silver altar of Zin.
  2095 | D:3      | Found a glowing silver altar of Zin.
  2100 | D:3      | Reached XP level 6. HP: 49/52 MP: 6/6
  2633 | D:4      | Found a bloodstained altar of Trog.
  2806 | D:4      | Got an ancient robe
  2817 | D:4      | Identified the +1 robe of Attic {*Drain rElec rN+ Slay+3} (You found it on level 4 of the Dungeon)
  2888 | D:4      | Noticed Menkaure
  2900 | D:4      | Killed Menkaure
  2900 | D:4      | Reached skill level 5 in Short Blades
  2900 | D:4      | Reached skill level 1 in Evocations
  2900 | D:4      | Reached XP level 7. HP: 58/58 MP: 8/8
  3456 | D:5      | Entered Level 5 of the Dungeon
  3460 | D:5      | Found an ornate altar of the Wu Jian Council.
  3479 | D:5      | Reached skill level 5 in Stealth
  3534 | D:5      | Learned a level 4 spell: Summon Lightning Spire
  3596 | D:5      | Found a sacrificial altar of Ru.
  3624 | D:5      | Reached skill level 5 in Dodging
  3647 | D:5      | Reached skill level 1 in Summonings
  4179 | D:5      | Reached skill level 1 in Spellcasting
  4251 | D:5      | Reached skill level 1 in Air Magic
  4251 | D:5      | Reached XP level 8. HP: 65/65 MP: 11/11
  4751 | D:6      | Found a staircase to the Ecumenical Temple.
  4761 | Temple   | Entered the Ecumenical Temple
  4791 | Temple   | Became a worshipper of Hepliaklqana the Forgotten
  5422 | D:6      | Found Gaiga's Book Shop.
  5477 | D:6      | Gained mutation: You do not regenerate when monsters are visible. [mutagenic meat]
  5478 | D:6      | Gained mutation: You have an increased reservoir of magic. (+10% MP) [mutagenic meat]
  5479 | D:6      | Gained mutation: Potions are less effective at restoring your health. [mutagenic meat]
  5555 | D:6      | Reached skill level 5 in Evocations
  5558 | D:6      | Reached skill level 1 in Invocations
  5818 | D:6      | Reached XP level 9. HP: 30/64 MP: 15/15
  6145 | D:6      | HP: 3/64 [orc/tomahawk (3)]
  6602 | D:6      | Found a glowing golden altar of the Shining One.
  7650 | D:7      | Reached skill level 5 in Summonings
  7650 | D:7      | Reached skill level 5 in Air Magic
  7837 | D:7      | Reached skill level 5 in Spellcasting
  8188 | D:7      | Got a crystal whip {holy}
  8189 | D:7      | Identified the +12 whip "Wifaadua" {holy, -Tele rC+ Str+4 Dex+3} (You took it off an orc on level 7 of the Dungeon)
  8198 | D:7      | Slain by a gnoll

Vault maps used:
D:1:      shiori_arrival_whats_in_store_for_you, st_stairs_8
D:2:      minmay_wonky_spiral, gammafunk_temple_overflow_pools,
          serial_park_tiny_2
D:3:      zin_academy, portal_sewer_entry_e, first_bread, lemuel_tele_altar
D:4:      marbit_many_paths, hangedman_abyss_or_decor_lesser_grid,
          guppyfry_early_lair_pool, uniq_menkaure
D:5:      old_standard_altar, lemuel_coloured_pillars_altar,
          kennysheep_generic_room_11
D:6:      lemuel_castle_with_subvaults, nicolae_tso_swordbearing_angel,
          minmay_temple_entry_junction, serial_shops, nicolae_shop_crystal
D:7:      ashenzari_conservatory_becter, uniq_duvessa
Temple:   minmay_temple_forest_path

Skill      XL: |  1  2  3  4  5  6  7  8  9 |
---------------+----------------------------+-----
Armour         | 5 6 |  6.3
Dodging        | 1 2 3 4 5 6 |  6.9
Shields        | 5 6 7 |  7.9
Stealth        | 1 2 3 4 5 6 7 |  7.0
Fighting       | 5 6 7 |  7.7
Short Blades   | 4 5 6 7 |  7.3
Evocations     | 1 4 5 6 |  6.2
Summonings     | 1 4 5 |  5.4
Spellcasting   | 1 3 5 |  5.5
Air Magic      | 1 3 5 |  5.5
Invocations    | 1 3 |  3.6

Action                   |  1- 3 |  4- 6 |  7- 9 || total
-------------------------+-------+-------+-------++-------
Melee: Rapier            |   124 |   162 |   410 ||   696
       Bite              |    12 |    19 |    58 ||    89
       Whip              |       |       |     4 ||     4
Invok: Recall Ancestor   |       |       |     2 ||     2
  Use: Scroll            |       |     3 |       ||     3
       Potion            |       |       |     3 ||     3
 Stab: Sleeping          |       |     1 |     4 ||     5
       Distracted        |       |       |     4 ||     4
  Eat: Chunk             |       |     6 |    20 ||    26
       Royal jelly       |       |       |     1 ||     1
Armor: Scale mail        |    36 |    54 |       ||    90
       Robe              |       |       |    36 ||    36
       Skin              |       |       |    16 ||    16
Dodge: Dodged            |    32 |    60 |   172 ||   264
Block: Shield            |    61 |    90 |   233 ||   384
